 Seeded DCSS version 0.30.1-4-g462c640d31 (webtiles) character file.

Game seed: 15660985446129201502 (custom seed)

37 AccursedSamuel the Cudgeller (level 3, -1/23 HPs)
             Began as a Tengu Monk on Sept 14, 2023.
             Slain by an adder (2 damage)
             ... on level 2 of the Dungeon.
             The game lasted 00:02:15 (1028 turns).

AccursedSamuel the Cudgeller (Tengu Monk)           Turns: 1028, Time: 00:02:16

Health: -1/23      AC:  3    Str: 13    XL:     3   Next: 39%
Magic:  4/4        EV: 13    Int: 10    God:
Gold:   180        SH:  0    Dex: 16    Spells: 2/2 levels left

rFire   + . .        a - +0 mace
rCold   . . .        d - orb {light}
rNeg    . . .        e - +1 robe of Neuwk {-Tele rElec rF+ Regen+ SInv}
rPois   .            (helmet restricted)
rElec   +            (no cloak)
rCorr   .            (no gloves)
SInv    +            (boots unavailable)
Will    .....        (no amulet)
Stlth   +            (no ring)
HPRegen 1.03/turn    (no ring)
MPRegen 0.09/turn

%: no teleportation
@: lethally poisoned (-1 -> -2), glowing
A: beak, talons 3
a: no special abilities


You were on level 2 of the Dungeon.
You visited 1 branch of the dungeon, and saw 2 of its levels.

You collected 180 gold pieces.

Inventory:

Hand Weapons
 a - a +0 mace (weapon)
Armour
 d - an orb of light (worn)
 e - the +1 robe of Neuwk (worn) {-Tele rElec rF+ Regen+ SInv}
   (You acquired it on level 1 of the Dungeon)

   rF:        It protects you from fire.
   rElec:     It insulates you from electricity.
   SInv:      It lets you see invisible.
   -Tele:     It prevents most forms of teleportation.
   Regen:     It increases your rate of health regeneration.
Scrolls
 b - a scroll of teleportation {unknown}
 g - a scroll of enchant armour {unknown}
 h - a scroll of noise {unknown}
Potions
 c - a potion of ambrosia
 f - a potion of curing {unknown}
 i - a potion of degeneration {unknown}


   Skills:
 + Level 3.3 Fighting
 + Level 4.0 Maces & Flails
 + Level 3.9 Dodging


You had 2 spell levels left.
You didn't know any spells.
Your spell library contained the following spells:

 Spells                   Type           Power      Damage    Failure   Level
 Cigotuvi's Dreadful Rot  Necr/Pois/Air  0%         N/A       50%         2
 Dispel Undead            Necr           0%         3d6       98%         4
 Death Channel            Necr           0%         N/A       100%        6


Dungeon Overview and Level Annotations

Branches:
Dungeon (2/15)

Altars:


Innate Abilities, Weirdness & Mutations

You have a beak for a mouth.
You have claws for feet.


Message History

You see here 6 gold pieces.
You feel sick. The adder bites you but does no damage.
You see here a quokka corpse.
You hit the spectral kobold but do no damage.
You claw the spectral kobold.
You destroy the spectral kobold!
You feel sick. The adder misses you.
Your Maces & Flails skill increases to level 4!
You feel sick. The adder misses you. The adder barely misses you.
You see here 6 gold pieces.
You feel sick. The adder bites you but does no damage.
The adder attacks as you move away! The adder bites you but does no damage.
You feel sick.
You feel sick.
You are no longer poisoned.
The adder misses you. The adder bites you but does no damage.
The adder misses you.
You barely miss the adder. You claw the adder. Your peck misses the adder.
The adder is heavily wounded.
The adder closely misses you. The adder bites you.
The adder closely misses you. The adder attacks as you move away!
The adder closely misses you. The adder bites you.
You are poisoned.
The adder poisons you!
You see here a quokka corpse.
You feel sick. The adder bites you. x2
* * * LOW HITPOINT WARNING * * *
You are more poisoned.
The adder poisons you!
You see here 6 gold pieces.
You feel sick. The adder bites you.
* * * LOW HITPOINT WARNING * * *
You feel sick. The adder closely misses you.
You hit the adder but do no damage.
The adder is heavily wounded.
You feel sick. The adder bites you.
* * * LOW HITPOINT WARNING * * *
The adder bites you.
You die...

###.###+##...+.~~..
#...........~#~.~.
#...........~~#.( #
#.......[....~~###..
#................~.8
#...†..........?~~##
#...†.....†......~~.
###.###.##$S........ #
#.# #.##.@........ .# #.#
#.##..........
.#######.###.##..........
.............##..........
.....................####
...........)##########
#####..#.##[# ##....>..#
.# ##.####### #


You could see an adder.

Vanquished Creatures
  3 endoplasms
  A giant cockroach (D:2)
  4 goblins
  3 hobgoblins (D:1)
  4 kobolds
  5 quokkas
  2 ball pythons (D:1)
  2 bats (D:1)
  4 frilled lizards
  4 rats (D:1)
  A spectral kobold (D:2)
33 creatures vanquished.

Notes
Turn   | Place    | Note
-------+----------+-------------------------------------------
     0 | D:1      | AccursedSamuel the Tengu Monk began the quest for the Orb.
     0 | D:1      | Reached XP level 1. HP: 14/14 MP: 2/2
    71 | D:1      | Reached XP level 2. HP: 17/19 MP: 3/3
   130 | D:1      | Identified a scroll of acquirement
   130 | D:1      | Acquired the +1 robe of Neuwk {-Tele rElec rF+ Regen+ SInv}
   599 | D:1      | Reached XP level 3. HP: 23/23 MP: 4/4
  1007 | D:2      | Found a faded altar of an unknown god.
  1016 | D:2      | Reached skill level 4 in Maces & Flails
  1028 | D:2      | HP: 1/23 [adder (2)]
  1028 | D:2      | Slain by an adder

Illustrated notes

Levels and vault maps discovered:
D:1:      minmay_arrival_pointy, layout_loops_ring, minmay_gold_behind_fungi
D:2:      layout_basic, dreamdust_ecumenical_altar_drowned_temple,
          hangedman_decor_clover_reticule, fountainhead,
          uniq_crazy_yiuf_cottage, uniq_jessica

Skill      XL: |  1  2  3 |
---------------+----------+-----
Maces & Flails | 4 |  4.0
Fighting       | |  3.3
Dodging        | |  3.9

Action                     || total
---------------------------++-------
  Melee: Mace              ||    64
         Kick              ||    17
         Peck              ||     6
    Use: Scroll            ||     1
 Armour: Robe              ||    30
  Dodge: Dodged            ||    95
